3AA
ATHLETIC CLUB KC ACADEMY @ MARQUETTE MINERS
08/30/2037
 
TOP OF THE 1ST
Athletic Club KC Academy batting - Pitching for Marquette Miners : LHP Jeff McDermott
Pitching: LHP Jeff McDermott
Batting: RHB Gabriel Martínez 0-0: Ball
1-0: Ball
2-0: Ground out 1-3 (Groundball, P, EV 85.6 MPH)
Batting: RHB Donald Guegan 0-0: Ball
1-0: Ball
2-0: Ball
3-0: Called Strike
3-1: Called Strike
3-2: Foul Ball, location: 2F
3-2: Base on Balls
Batting: RHB Bobby McFillin 0-0: Ball
1-0: Foul Ball, location: 2F
1-1: Ball
2-1: Foul Ball, location: 2F
2-2: Ball
3-2: Fly out, F9 (Line Drive, 9, EV 86.2 MPH)
Batting: RHB Andy Roarick 0-0: Ball
1-0: Called Strike
1-1: Ball
2-1: Ball
3-1: Base on Balls
Donald Guegan to second
Batting: RHB Wilton Banks 0-0: Foul Ball, location: 2F
0-1: Called Strike
0-2: Ball
1-2: Fly out, F8 (Flyball, 78XD, EV 92.5 MPH)
Top of the 1st over - 0 runs, 0 hits, 0 errors, 2 left on base; Athletic Club KC Academy 0 - Marquette 0
BOTTOM OF THE 1ST
Marquette Miners batting - Pitching for Athletic Club KC Academy : RHP Mokichi Watanabe
Pitching: RHP Mokichi Watanabe
Batting: RHB Sze Qi 0-0: Ball
1-0: Called Strike
1-1: Bunt for hit to 15S - play at first, batter OUT! 1-3
Batting: RHB Jorge Japón 0-0: Ball
1-0: Called Strike
1-1: SINGLE (Line Drive, 89S, EV 107.5 MPH)
Batting: RHB Brook Linen 0-0: Swinging Strike
0-1: Foul Ball, location: 2F
0-2: Ball
1-2: Ball
2-2: Ball
3-2: Base on Balls
Jorge Japón to second
Batting: RHB Jesús Morán 0-0: Ball
1-0: Ball
2-0: Foul Ball, location: 2F
2-1: Ball
3-1: Called Strike
3-2: DOUBLE (Groundball, 5L, EV 110.0 MPH)
Jorge Japón scores
Brook Linen to third
Batting: LHB Tony Worley 0-0: Ball
1-0: Ball
2-0: Ball
3-0: Called Strike
3-1: Called Strike
3-2: Ground out 1-3 (Groundball, 13, EV 71.2 MPH)
Batting: LHB Lowell Evans 0-0: Foul Ball, location: 2F
0-1: Ball
1-1: Fly out, F7 (Line Drive, 7, EV 103.1 MPH)
Bottom of the 1st over - 1 run, 2 hits, 0 errors, 2 left on base; Athletic Club KC Academy 0 - Marquette 1
TOP OF THE 2ND
Athletic Club KC Academy batting - Pitching for Marquette Miners : LHP Jeff McDermott
Batting: LHB León Guillén 0-0: Ball
1-0: Called Strike
1-1: Swinging Strike
1-2: Strikes out swinging
Batting: RHB Woody Thomas 0-0: Ball
1-0: Called Strike
1-1: Called Strike
1-2: Fly out, F9 (Flyball, 9S, EV 74.4 MPH)
Batting: RHB Gabriel Camparán 0-0: Swinging Strike
0-1: Ball
1-1: Ball
2-1: Fly out, F9 (Flyball, 9S, EV 80.6 MPH)
Top of the 2nd over - 0 runs, 0 hits, 0 errors, 0 left on base; Athletic Club KC Academy 0 - Marquette 1
BOTTOM OF THE 2ND
Marquette Miners batting - Pitching for Athletic Club KC Academy : RHP Mokichi Watanabe
Batting: RHB Zhen-bang Kwan 0-0: Ball
1-0: Called Strike
1-1: SOLO HOME RUN (Flyball, 7D, EV 96.2 MPH), Distance : 432 ft
Batting: LHB Bill O'Halloran 0-0: Called Strike
0-1: Ground out U3 (Groundball, 34, EV 102.5 MPH)
Batting: LHB Vic Britt 0-0: Ball
1-0: Ball
2-0: Called Strike
2-1: Ground out 5-3 (Groundball, 56, EV 89.4 MPH)
Batting: RHB Sze Qi 0-0: Ground out 6-3 (Groundball, 6, EV 106.9 MPH)
Bottom of the 2nd over - 1 run, 1 hit, 0 errors, 0 left on base; Athletic Club KC Academy 0 - Marquette 2
TOP OF THE 3RD
Athletic Club KC Academy batting - Pitching for Marquette Miners : LHP Jeff McDermott
Batting: RHB Rodrigo Sousa 0-0: Foul Ball, location: 2F
0-1: DOUBLE (Groundball, 3L, EV 98.8 MPH)
Batting: RHB Gabriel Martínez 0-0: Fly out, F8 (Flyball, 8RM, EV 88.8 MPH)
Batting: RHB Donald Guegan 0-0: Ball
1-0: Called Strike
1-1: 2-RUN HOME RUN (Line Drive, 7D, EV 100.6 MPH), Distance : 423 ft
Batting: RHB Bobby McFillin 0-0: SOLO HOME RUN (Flyball, 7D, EV 89.4 MPH), Distance : 410 ft
Batting: RHB Andy Roarick 0-0: Foul Ball, location: 2F
0-1: Ball
1-1: Called Strike
1-2: Strikes out swinging
Batting: RHB Wilton Banks 0-0: Ball
1-0: Ball
2-0: Foul Ball, location: 2F
2-1: Called Strike
2-2: Ball
3-2: Ground out 4-3 (Groundball, 4, EV 80.6 MPH)
Top of the 3rd over - 3 runs, 3 hits, 0 errors, 0 left on base; Athletic Club KC Academy 3 - Marquette 2
BOTTOM OF THE 3RD
Marquette Miners batting - Pitching for Athletic Club KC Academy : RHP Mokichi Watanabe
Batting: RHB Jorge Japón 0-0: Ball
1-0: Called Strike
1-1: Ball
2-1: Ground out 6-3 (Groundball, 56, EV 106.9 MPH)
Batting: RHB Brook Linen 0-0: Called Strike
0-1: Called Strike
0-2: Ball
1-2: Ball
2-2: Ball
3-2: Foul Ball, location: 2F
3-2: Fly out, F7 (Flyball, 7, EV 91.9 MPH)
Batting: RHB Jesús Morán 0-0: Ball
1-0: DOUBLE (Line Drive, 7LS, EV 91.2 MPH)
Batting: LHB Tony Worley 0-0: Foul Ball, location: 2F
0-1: Foul Ball, location: 2F
0-2: Ball
1-2: SINGLE (Groundball, 23, EV 64.4 MPH) (infield hit)
Jesús Morán to third
Batting: LHB Lowell Evans 0-0: Ball
1-0: Swinging Strike
1-1: Foul Ball, location: 2F
1-2: Foul Ball, location: 2F
1-2: Foul Ball, location: 2F
1-2: Foul Ball, location: 2F
1-2: Fly out, F9 (Line Drive, 9, EV 87.5 MPH)
Bottom of the 3rd over - 0 runs, 2 hits, 0 errors, 2 left on base; Athletic Club KC Academy 3 - Marquette 2
TOP OF THE 4TH
Athletic Club KC Academy batting - Pitching for Marquette Miners : LHP Jeff McDermott
Batting: LHB León Guillén 0-0: Called Strike
0-1: Ball
1-1: Ball
2-1: Called Strike
2-2: Strikes out swinging
Batting: RHB Woody Thomas 0-0: Swinging Strike
0-1: Ball
1-1: Swinging Strike
1-2: Strikes out swinging
Batting: RHB Gabriel Camparán 0-0: Called Strike
0-1: Ball
1-1: Ball
2-1: Called Strike
2-2: Ball
3-2: DOUBLE (Line Drive, 9LD, EV 106.9 MPH)
Batting: RHB Rodrigo Sousa 0-0: Ball
1-0: Called Strike
1-1: Ball
2-1: Foul Ball, location: 2F
2-2: SINGLE (Groundball, 6MD, EV 95.6 MPH)
Gabriel Camparán to third
Runner from 3rd tries for Home, SAFE, no throw by CF
Batting: RHB Gabriel Martínez 0-0: Ball
1-0: Ball
2-0: Ball
3-0: Called Strike
3-1: Foul Ball, location: 2F
3-2: Strikes out swinging
Top of the 4th over - 1 run, 2 hits, 0 errors, 1 left on base; Athletic Club KC Academy 4 - Marquette 2
BOTTOM OF THE 4TH
Marquette Miners batting - Pitching for Athletic Club KC Academy : RHP Mokichi Watanabe
Batting: RHB Zhen-bang Kwan 0-0: Called Strike
0-1: Ball
1-1: Foul Ball, location: 2F
1-2: Foul Ball, location: 2F
1-2: Ball
2-2: Foul Ball, location: 2F
2-2: Ball
3-2: Ground out 4-3 (Groundball, 4, EV 80.6 MPH)
Batting: LHB Bill O'Halloran 0-0: Ball
1-0: Ball
2-0: Called Strike
2-1: Called Strike
2-2: Foul Ball, location: 2F
2-2: Foul Ball, location: 2F
2-2: Fly out, F4 (Popup, 4D, EV 63.1 MPH)
Batting: LHB Vic Britt 0-0: SINGLE (Line Drive, 8RS, EV 106.2 MPH)
Batting: RHB Sze Qi 0-0: Ball
1-0: Ball
2-0: Ball
3-0: Called Strike
3-1: Called Strike
3-2: Base on Balls
Vic Britt to second
Batting: RHB Jorge Japón 0-0: Called Strike
0-1: Ball
1-1: DOUBLE (Flyball, 78D, EV 111.2 MPH)
Vic Britt scores
Sze Qi to third
Runner from 3rd tries for Home, SAFE, throw by CF to home
Batting: RHB Brook Linen 0-0: Ball
1-0: SINGLE (Groundball, 34S, EV 88.8 MPH) (infield hit)
Jorge Japón to third
Batting: RHB Jesús Morán 0-0: Called Strike
0-1: Ball
1-1: Ball
2-1: Ball
3-1: Called Strike
3-2: DOUBLE (Line Drive, 78D, EV 107.5 MPH)
Jorge Japón scores
Brook Linen to third
Brook Linen scores
Pitching: LHP Chris Brock
Batting: LHB Tony Worley 0-0: Called Strike
0-1: Foul Ball, location: 2F
0-2: Ball
1-2: Foul Ball, location: 2F
1-2: Fly out, F8 (Flyball, 8LM, EV 91.9 MPH)
Bottom of the 4th over - 4 runs, 4 hits, 0 errors, 1 left on base; Athletic Club KC Academy 4 - Marquette 6
TOP OF THE 5TH
Athletic Club KC Academy batting - Pitching for Marquette Miners : LHP Jeff McDermott
Batting: RHB Donald Guegan 0-0: Called Strike
0-1: Bunted foul
0-2: Ball
1-2: Ball
2-2: SINGLE (Line Drive, 34D, EV 98.8 MPH)
Batting: RHB Bobby McFillin 0-0: Ball
1-0: Foul Ball, location: 2F
1-1: Fly out, F8 (Line Drive, 8RD, EV 90.6 MPH)
Batting: RHB Andy Roarick 0-0: Called Strike
0-1: Ball
1-1: Ball
2-1: Called Strike
2-2: Fly out, F8 (Line Drive, 8LD, EV 85.6 MPH)
Batting: RHB Wilton Banks 0-0: Called Strike
0-1: Ball
1-1: Ball
2-1: Called Strike
2-2: Foul Ball, location: 2F
2-2: SINGLE (Groundball, 4MD, EV 103.1 MPH)
Donald Guegan to second
Runner from 2nd tries for 3rd, SAFE, throw by CF made to third
Batting: LHB León Guillén 0-0: Foul Ball, location: 2F
0-1: Ball
1-1: Foul Ball, location: 2F
1-2: Strikes out swinging
Top of the 5th over - 0 runs, 2 hits, 0 errors, 2 left on base; Athletic Club KC Academy 4 - Marquette 6
BOTTOM OF THE 5TH
Marquette Miners batting - Pitching for Athletic Club KC Academy : LHP Chris Brock
Batting: LHB Lowell Evans 0-0: Bunt for hit to 5S - play at first, batter safe!
Batting: RHB Zhen-bang Kwan 0-0: Foul Ball, location: 2F
0-1: Foul Ball, location: 2F
0-2: Strikes out swinging
Batting: LHB Bill O'Halloran 0-0: Ball
1-0: Foul Ball, location: 2F
1-1: Ball
2-1: DOUBLE (Line Drive, 7LS, EV 95.0 MPH)
Lowell Evans to third
Batting: LHB Vic Britt 0-0: Called Strike
0-1: SINGLE (Groundball, 56, EV 86.2 MPH) (infield hit)
Lowell Evans scores
Bill O'Halloran to third
Batting: RHB Sze Qi 0-0: Foul Ball, location: 2F
0-1: Fly out, F9 (Line Drive, 9, EV 103.1 MPH)
Runner from 3rd tags up, SCORES, throw by RF
Batting: RHB Jorge Japón 0-0: Ball
1-0: Called Strike
1-1: Ball
2-1: Ground out 6-3 (Groundball, 6M, EV 108.8 MPH)
Bottom of the 5th over - 2 runs, 3 hits, 0 errors, 1 left on base; Athletic Club KC Academy 4 - Marquette 8
TOP OF THE 6TH
Athletic Club KC Academy batting - Pitching for Marquette Miners : LHP Jeff McDermott
Batting: RHB Woody Thomas 0-0: Called Strike
0-1: Foul Ball, location: 2F
0-2: Strikes out swinging
Batting: RHB Gabriel Camparán 0-0: Ball
1-0: Called Strike
1-1: Ball
2-1: Ground out 4-3 (Groundball, 4, EV 109.4 MPH)
Batting: RHB Rodrigo Sousa 0-0: Ball
1-0: Called Strike
1-1: Called Strike
1-2: Foul Ball, location: 2F
1-2: Foul Ball, location: 2F
1-2: Ball
2-2: Ground out 5-3 (Groundball, 56, EV 103.8 MPH)
Top of the 6th over - 0 runs, 0 hits, 0 errors, 0 left on base; Athletic Club KC Academy 4 - Marquette 8
BOTTOM OF THE 6TH
Marquette Miners batting - Pitching for Athletic Club KC Academy : LHP Chris Brock
Batting: RHB Brook Linen 0-0: Ball
1-0: Swinging Strike
1-1: Called Strike
1-2: Ball
2-2: Foul Ball, location: 2F
2-2: Foul Ball, location: 2F
2-2: Ground out 5-3 (Groundball, 56, EV 105.0 MPH)
Batting: RHB Jesús Morán 0-0: Ball
1-0: Called Strike
1-1: Ball
2-1: Foul Ball, location: 2F
2-2: Foul Ball, location: 2F
2-2: Ball
3-2: Ground out 4-3 (Groundball, 4MD, EV 106.2 MPH)
Batting: LHB Tony Worley 0-0: Ball
1-0: Fly out, F7 (Flyball, 7LM, EV 105.6 MPH)
Bottom of the 6th over - 0 runs, 0 hits, 0 errors, 0 left on base; Athletic Club KC Academy 4 - Marquette 8
TOP OF THE 7TH
Athletic Club KC Academy batting - Pitching for Marquette Miners : LHP Jeff McDermott
Pitching: RHP Jin-guo Quan
Batting: RHB Gabriel Martínez 0-0: Called Strike
0-1: Foul Ball, location: 2F
0-2: Foul Ball, location: 2F
0-2: Ball
1-2: Ball
2-2: Ball
3-2: Foul Ball, location: 2F
3-2: Strikes out swinging
Batting: RHB Donald Guegan 0-0: Swinging Strike
0-1: Swinging Strike
0-2: Ball
1-2: Ball
2-2: Strikes out swinging, 2-3 out at first.
Batting: RHB Bobby McFillin 0-0: Ball
1-0: Ball
2-0: Called Strike
2-1: Foul Ball, location: 2F
2-2: Ball
3-2: Foul Ball, location: 2F
3-2: Fly out, F3 (Line Drive, 3, EV 68.1 MPH)
Top of the 7th over - 0 runs, 0 hits, 0 errors, 0 left on base; Athletic Club KC Academy 4 - Marquette 8
BOTTOM OF THE 7TH
Marquette Miners batting - Pitching for Athletic Club KC Academy : LHP Chris Brock
Batting: LHB Lowell Evans 0-0: SINGLE (Line Drive, 3D, EV 105.0 MPH)
Pitching: RHP Ty Hardin
Batting: RHB Zhen-bang Kwan 0-0: Fielders Choice at 2nd, 1-6 (Groundball, 34S, EV 82.5 MPH)
Batting: LHB Bill O'Halloran 0-0: Called Strike
Zhen-bang Kwan steals 2nd base
0-1: Ball
1-1: DOUBLE (Groundball, 5L, EV 100.6 MPH)
Zhen-bang Kwan scores
Batting: LHB Vic Britt 0-0: Called Strike
0-1: Called Strike
0-2: Ball
1-2: Strikes out swinging
Batting: RHB Sze Qi 0-0: Called Strike
0-1: Swinging Strike
0-2: Ball
1-2: Hit by Pitch
Batting: RHB Jorge Japón 0-0: Fly out, F7 (Flyball, 7S, EV 82.5 MPH)
Bottom of the 7th over - 1 run, 2 hits, 0 errors, 2 left on base; Athletic Club KC Academy 4 - Marquette 9
TOP OF THE 8TH
Athletic Club KC Academy batting - Pitching for Marquette Miners : RHP Jin-guo Quan
Batting: RHB Andy Roarick 0-0: Swinging Strike
0-1: Ball
1-1: Fly out, F7 (Line Drive, 7, EV 96.2 MPH)
Batting: RHB Wilton Banks 0-0: Fly out, F9 (Line Drive, 9, EV 97.5 MPH)
Batting: LHB León Guillén 0-0: Ball
1-0: Ball
2-0: Ball
3-0: Base on Balls
Batting: RHB Woody Thomas 0-0: Ground out 4-3 (Groundball, 4, EV 85.6 MPH)
Top of the 8th over - 0 runs, 0 hits, 0 errors, 1 left on base; Athletic Club KC Academy 4 - Marquette 9
BOTTOM OF THE 8TH
Marquette Miners batting - Pitching for Athletic Club KC Academy : RHP Ty Hardin
Batting: RHB Brook Linen 0-0: Ball
1-0: Foul Ball, location: 2F
1-1: Foul Ball, location: 2F
1-2: Ball
2-2: Strikes out swinging
Batting: RHB Jesús Morán 0-0: Ball
1-0: Ball
2-0: Foul Ball, location: 2F
2-1: Foul Ball, location: 2F
2-2: Foul Ball, location: 2F
2-2: Ball
3-2: Fly out, F9 (Flyball, 9, EV 87.5 MPH)
Batting: LHB Tony Worley 0-0: Called Strike
0-1: Swinging Strike
0-2: Strikes out swinging
Bottom of the 8th over - 0 runs, 0 hits, 0 errors, 0 left on base; Athletic Club KC Academy 4 - Marquette 9
TOP OF THE 9TH
Athletic Club KC Academy batting - Pitching for Marquette Miners : RHP Jin-guo Quan
Batting: RHB Gabriel Camparán 0-0: Swinging Strike
0-1: Ball
1-1: Swinging Strike
1-2: Ball
2-2: Strikes out looking
Batting: RHB Rodrigo Sousa 0-0: Ball
1-0: Ground out U3 (Groundball, 3L, EV 88.8 MPH)
Batting: RHB Gabriel Martínez 0-0: Ball
1-0: Called Strike
1-1: Ball
2-1: Foul Ball, location: 2F
2-2: Ball
3-2: Ground out 6-3 (Groundball, 6, EV 88.1 MPH)
Top of the 9th over - 0 runs, 0 hits, 0 errors, 0 left on base; Athletic Club KC Academy 4 - Marquette 9
Thursday, January 23rd, 2020 - OOTP Baseball 20.8 Build 74